 Dungeon Crawl Stone Soup version 0.32-a0-560-g4c7f4391e0 (webtiles) character file.

Game seed: 16621018492375739285

1936 retardedninja the Cleaver (level 8, -11/74 HPs)
             Began as a Mountain Dwarf Fighter on Feb 29, 2024.
             Killed from afar by a steam dragon (15 damage)
             ... with a ball of steam
             ... on level 6 of the Dungeon.
             The game lasted 00:07:39 (5315 turns).

retardedninja the Cleaver (Mountain Dwarf Fighter)  Turns: 5315, Time: 00:07:41

Health: -11/74     AC: 12    Str: 21    XL:     8   Next: 97%
Magic:  8/8        EV:  9    Int:  9    God:
Gold:   443        SH:  5    Dex:  9    Spells: 7/7 levels left

rFire   . . .        a - +0 war axe
rCold   . . .        c - +0 buckler
rNeg    . . .        b - +0 scale mail
rPois   .            n - +0 helmet
rElec   .            (no cloak)
rCorr   .            (no gloves)
SInv    .            (no boots)
Will    .....        y - amulet of regeneration Stlth
                     g - +4 ring of protection
HPRegen 1.12/turn    (no ring)
MPRegen 0.11/turn

%: no passive effects
@: no status effects
A: runic magic, artefact enchanting
a: no special abilities


You were on level 6 of the Dungeon.
You visited 1 branch of the dungeon, and saw 7 of its levels.

You collected 443 gold pieces.

Inventory:

Hand Weapons
 a - a +0 war axe (weapon)
Armour
 b - a +0 scale mail (worn)
 c - a +0 buckler (worn)
 n - a +0 helmet (worn)
Jewellery
 g - a +4 ring of protection (left hand)
 v - an amulet of magic regeneration
 y - an amulet of regeneration (around neck)
Scrolls
 d - a scroll of revelation {unknown}
 e - a scroll of fear {unknown}
 i - 2 scrolls of immolation
 k - a scroll of enchant weapon {unknown}
 m - a scroll of silence {unknown}
 p - 2 scrolls of teleportation {unknown}
 q - a scroll of brand weapon {unknown}
 r - a scroll of noise {unknown}
 u - a scroll of acquirement {unknown}
 A - 3 scrolls of vulnerability {unknown}
 B - 2 scrolls of identify
Potions
 h - 3 potions of brilliance
 j - a potion of ambrosia {unknown}
 l - 2 potions of lignification {unknown}
 o - 2 potions of enlightenment
 s - a potion of mutation {unknown}
 t - a potion of berserk rage {unknown}
 w - a potion of heal wounds {unknown}
 x - 2 potions of haste {unknown}
 z - a potion of attraction {unknown}


   Skills:
 * Level 8.1 Fighting
 * Level 8.3 Axes
 + Level 6.2 Armour
 + Level 6.2 Shields


You had 7 spell levels left.
You didn't know any spells.
Your spell library contained the following spells:

 Spells                   Type           Power      Damage    Failure   Level
 Slow                     Hex            0%         N/A       52%         1
 Blink                    Tloc           0%         N/A       67%         2
 Lesser Beckoning         Tloc           0%         N/A       67%         2
 Momentum Strike          Conj/Tloc      0%         3d8       67%         2
 Confusing Touch          Hex            0%         N/A       88%         3
 Fugue of the Fallen      Necr           0%         N/A       88%         3
 Gell's Gravitas          Tloc           0%         N/A       88%         3
 Ozocubu's Armour         Ice            0%         N/A       88%         3
 Sigil of Binding         Hex            0%         N/A       88%         3
 Teleport Other           Tloc           0%         N/A       88%         3
 Tukima's Dance           Hex            0%         N/A       88%         3
 Vampiric Draining        Necr           0%         2d6       88%         3
 Dimensional Bullseye     Hex/Tloc       0%         N/A       99%         4
 Iskenderun's Mystic Bla  Conj/Tloc      0%         2d3       99%         4
 Manifold Assault         Tloc           0%         N/A       99%         4
 Dispersal                Tloc           0%         N/A       100%        6


Dungeon Overview and Level Annotations

Branches:
Dungeon (7/15)
 Temple: D:4-7

Altars:
Makhleb
Ru
The Shining One

Shops:
D:6 (

Annotations:
D:2 1 runed translucent door, Crazy Yiuf
D:7 Jeremiah


Innate Abilities, Weirdness & Mutations

Your spellcasting is much less encumbered by armour.
You can use scrolls of enchantment on lesser artefacts.


Message History

The yak is almost dead.
You hit the steam dragon but do no damage.
You block the yak's attack. The steam dragon closely misses you.
The steam dragon barely misses you.
You barely miss the yak.
The yak is almost dead.
You barely miss the steam dragon. The yak gores you but does no damage.
The steam dragon bites you but does no damage.
The steam dragon closely misses you.
You closely miss the yak.
The yak is almost dead.
You hit the steam dragon. The yak gores you!
* * * LOW HITPOINT WARNING * * *
The steam dragon barely misses you. You block the steam dragon's attack.
You barely miss the yak.
The yak is almost dead.
You closely miss the steam dragon. The yak barely misses you.
You block the steam dragon's attack. x2
You barely miss the yak.
The yak is almost dead.
You completely miss the steam dragon. The yak closely misses you.
The steam dragon breathes steam at you. The ball of steam hits you!
* * * LOW HITPOINT WARNING * * *
You feel better.
You are engulfed in a cloud of scalding steam.
* * * LOW HITPOINT WARNING * * *
The yak gores you but does no damage. The steam dragon closely misses you.
The steam dragon claws you but does no damage.
You feel better. The yak barely misses you. The steam dragon bites you!
* * * LOW HITPOINT WARNING * * *
The steam dragon claws you but does no damage.
You hit the yak but do no damage.
The yak is almost dead.
You barely miss the steam dragon.
The yak is engulfed in a cloud of scalding steam.
You block the yak's attack. The steam dragon breathes steam at you.
The ball of steam hits you!
You die...

############.# #######'#####
########...(.## #...........#
..............# #...........#
#.............# #...........#
..............#########[).....#
........÷...............##....#
......)......##..§....[##.....#
##'#####.....##..D....###...###
...# #.....##§@Y....'.'....#
#### #########......###....#
#......# #....#### ########
#........ #...##### #...#...#
#####.#.. #.### #.#


You could see a yak and a steam dragon (catching breath).

Vanquished Creatures
  Sigmund (D:2)
  Menkaure (D:5)
  2 sky beasts (D:6)
  An ice beast (D:5)
  3 black bears
  A centaur (D:6)
  An ogre (D:6)
  Blork the orc (D:5)
  4 wights (D:6)
  A bombardier beetle (D:3)
  4 hounds
  2 orc priests (D:7)
  3 iguanas
  A sleepcap (D:5)
  Jessica (D:2)
  2 orc wizards
  3 gnolls (D:3)
  11 adders
  2 shadow imps (D:6)
  2 ufetubi (D:6)
  3 ribbon worms
  3 dart slugs
  9 orcs
  10 ball pythons
  8 endoplasms
  4 giant cockroaches
  9 goblins
  2 hobgoblins
  4 jackals (D:1)
  A quokka (D:1)
  10 bats
  6 frilled lizards
  10 kobolds
  8 rats
134 creatures vanquished.

Notes
Turn   | Place    | Note
-------+----------+-------------------------------------------
     0 | D:1      | retardedninja the Mountain Dwarf Fighter began the quest
                  | for the Orb.
     0 | D:1      | Reached XP level 1. HP: 19/19 MP: 1/1
    87 | D:1      | Reached XP level 2. HP: 16/26 MP: 2/2
   136 | D:1      | Found a faded altar of an unknown god.
   396 | D:1      | Reached XP level 3. HP: 33/33 MP: 3/3
   782 | D:2      | Noticed Jessica
   789 | D:2      | Killed Jessica
   790 | D:2      | Reached XP level 4. HP: 36/40 MP: 4/4
  1287 | D:2      | Noticed Sigmund
  1309 | D:2      | Killed Sigmund
  1310 | D:2      | Reached XP level 5. HP: 13/47 MP: 5/5
  1505 | D:2      | Found a runed translucent door.
  1506 | D:2      | Noticed Crazy Yiuf
  1969 | D:3      | Reached XP level 6. HP: 54/55 MP: 6/6
  2233 | D:3      | Reached skill level 5 in Fighting
  2636 | D:4      | Reached skill level 5 in Axes
  2881 | D:4      | Found a burning altar of Makhleb.
  2960 | D:4      | Found a sacrificial altar of Ru.
  2960 | D:4      | Found a glowing golden altar of the Shining One.
  3329 | D:5      | Entered Level 5 of the Dungeon
  3385 | D:5      | Reached XP level 7. HP: 56/61 MP: 7/7
  3532 | D:5      | Reached skill level 5 in Shields
  3765 | D:5      | Reached skill level 5 in Armour
  3808 | D:5      | Noticed Blork the orc
  3820 | D:5      | Killed Blork the orc
  3909 | D:5      | Noticed Menkaure
  3915 | D:5      | Killed Menkaure
  4236 | D:6      | Reached XP level 8. HP: 71/71 MP: 8/8
  4236 | D:6      | Found Betraekk's Antique Weapon Boutique.
  5149 | D:7      | Noticed Jeremiah
  5312 | D:6      | HP: 1/74 [steam dragon/ball of steam (14)]
  5315 | D:6      | Killed from afar by a steam dragon

Illustrated notes

Levels and vault maps discovered:
D:1:      eino_arrival_druids_welcome, layout_rooms, serial_forest,
          infiniplex_forest_lined_ring, infiniplex_forest_corner_1,
          infiniplex_forest_straight_4, infiniplex_forest_lined_corner,
          infiniplex_forest_corner_1, infiniplex_forest_clump_small,
          infiniplex_forest_lined_room_, infiniplex_forest_clump_tiny,
          shapermc_ecumenical_altar_hornbeckon, minmay_heptomino_w4
D:2:      layout_loops_cross, minmay_joined_circles, uniq_sigmund, uniq_jessica,
          uniq_crazy_yiuf_cottage
D:3:      layout_loops_ring
D:4:      dreamdust_elfheim, layout_gridville, mainiacjoe_overflow_alcove_2,
          gammafunk_temple_overflow_statue, serial_forest,
          infiniplex_forest_lined_corner, infiniplex_forest_lined_corner,
          infiniplex_forest_clump_double, infiniplex_forest_straight_2,
          infiniplex_forest_corner_1, infiniplex_forest_clump_medium
D:5:      layout_basic, amcnicky_mini_pool_medium, uniq_menkaure,
          uniq_blork_the_orc
D:6:      layout_basic, serial_shops, nicolae_shop_waterfront
D:7:      layout_gridville, minmay_temple_entry_glass, st_stairs_14,
          minmay_strange_pillars, uniq_jeremiah

Skill      XL: |  1  2  3  4  5  6  7  8 |
---------------+-------------------------+-----
Axes           | 3 4 5 6 8 |  8.3
Armour         | 4 5 6 |  6.2
Shields        | 4 5 6 |  6.2
Fighting       | 4 5 6 8 |  8.1

Action                     |  1- 3 |  4- 6 |  7- 9 || total
---------------------------+-------+-------+-------++-------
  Melee: War axe           |    96 |   182 |   209 ||   487
    Use: Scroll            |       |     4 |       ||     4
         Potion            |       |       |     3 ||     3
 Armour: Scale mail        |    94 |   142 |   230 ||   466
  Dodge: Dodged            |    60 |    69 |   137 ||   266
  Block: Buckler           |    29 |    42 |    75 ||   146

Table legend: (Time is in decaauts)
 A = Elapsed time spent in this place.
 B = Non-inter-level travel time spent in this place.
 C = Inter-level travel time spent in this place.
 D = Time resting spent in this place.
 E = Time spent auto-exploring this place.
 F = Levels seen in this place.
 G = Mean time per level.
                   A        B        C        D        E       F      G
               +--------+--------+--------+--------+--------+-----+--------+
         Total |   5449 |   5281 |    168 |    105 |   4093 |   7 |  778.4 |
       Dungeon |   5449 |   5281 |    168 |    105 |   4093 |   7 |  778.4 |
               +--------+--------+--------+--------+--------+-----+--------+

Top non-repeatable levels by time:
     D:2: 1088 daAuts
     D:6: 1007 daAuts
     D:5: 915 daAuts
     D:4: 829 daAuts
     D:1: 767 daAuts
     D:3: 734 daAuts
     D:7: 105 daAuts
